 Seeded DCSS version 0.29.1-12-g30fa7ad0bf (webtiles) character file.

Game seed: 9845822215292249863 (custom seed)

54 OTABOTABOTAB the Insei (level 3, 21/24 HPs)
             Began as an Octopode Transmuter on Jan 10, 2023.
             Quit the game on level 2 of the Dungeon.
             The game lasted 00:02:40 (1666 turns).

OTABOTABOTAB the Insei (Octopode Transmuter)        Turns: 1666, Time: 00:02:40

Health: 21/24      AC:  1    Str:  9    XL:     3   Next: 91%
Magic:  5/6        EV: 13    Int: 17    God:
Gold:   92         SH:  0    Dex: 12    Spells: 0/6 levels left

rFire   . . .      SeeInvis .     - Unarmed
rCold   . . .      Faith    .   (no shield)
rNeg    . . .      Spirit   .   (helmet restricted)
rPois   .          Reflect  .   h - amulet of the acrobat
rElec   .          Harm     .   (no ring)
rCorr   .          Rampage  .   (no ring)
Will    .....                   (no ring)
Stlth   ++........              (no ring)
HPRegen 0.08/turn               (no ring)
MPRegen 0.10/turn               (no ring)
                                (no ring)
                                (no ring)

@: no status effects
A: almost no armour, amphibious, 8 rings, camouflage 1, gelatinous body 1,
(nimble swimmer 1), tentacles
a: no special abilities


You were on level 2 of the Dungeon.
You visited 1 branch of the dungeon, and saw 2 of its levels.

You collected 92 gold pieces.

Inventory:

Missiles
 d - 5 poisoned darts
 s - 11 stones
Armour
 l - a +0 buckler of fire resistance
   (You found it on level 2 of the Dungeon)
Magical Staves
 i - a staff of conjuration
   (You found it on level 1 of the Dungeon)
Jewellery
 h - an amulet of the acrobat (around mantle)
   (You found it on level 1 of the Dungeon)
 W - a ring of willpower
   (You found it on level 1 of the Dungeon)
Scrolls
 a - a scroll of teleportation {unknown}
 b - 2 scrolls of identify {unknown}
 f - 3 scrolls of acquirement {unknown}
 g - a scroll of amnesia {unknown}
 k - a scroll of blinking {unknown}
 n - a scroll of poison {unknown}
Potions
 c - 2 potions of heal wounds {unknown}
 e - a potion of curing {unknown}
 j - a potion of magic {unknown}
 m - a potion of ambrosia {unknown}
 P - a potion of lignification {!q}


   Skills:
 - Level 2.0 Fighting
 - Level 2.0 Dodging
 + Level 3.6 Unarmed Combat
 - Level 2.0 Spellcasting
 + Level 2.8 Transmutations
 + Level 0.4 Poison Magic


You couldn't memorise any spells.
You knew the following spells:

 Your Spells              Type           Power      Damage    Failure   Level
a - Beastly Appendage     Tmut           22%        N/A       6%          1
b - Wereblood             Tmut           11%        N/A       10%         2
c - Spider Form           Tmut/Pois      7%         N/A       30%         3

Your spell library contained the following spells:

 Spells                   Type           Power      Damage    Failure   Level
 Ice Form                 Ice/Tmut       6%         N/A       73%         4


Dungeon Overview and Level Annotations

Branches:
Dungeon (2/15)

Altars:


Innate Abilities, Weirdness & Mutations

You cannot wear most types of armour.
You are amphibious.
You can wear up to eight rings at the same time.
Your skin changes colour to match your surroundings (Stealth+).
Your rubbery body absorbs attacks. (AC +1, EV +1)
((You are camouflaged when in or above water. (Stealth+)))
You have tentacles for arms and can constrict up to eight enemies at once.


Message History

Okay, then.
l - a +0 buckler of fire resistance A rat comes into view.
The rat moves out of view.
The rat completely misses you.
You barely miss the rat. Your grab misses the rat. You closely miss the rat.
You grab the rat. You constrict the rat. The rat bites you.
You take 3 damage, and have 21/24 hp.
You barely miss the rat. You constrict the rat. The rat barely misses you.
You tentacle-slap the rat.
You kill the rat!
No target in view!
You now have 51 gold pieces (gained 15).
A kobold comes into view. It is wielding a +0 club.
Health restored: 24
Found a stone staircase leading down.
One of your tentacles grows a vicious spike.
You now have 5/6 mp.
The kobold shouts!
You barely miss the kobold. You grab the kobold.
You pierce the kobold, but do no damage.
You constrict the kobold. The kobold hits you with a +0 club.
You take 4 damage, and have 20/24 hp.
Unknown command.
You tentacle-slap the kobold.
You kill the kobold!
No target in view!
No target in view!
Your tentacle spike disappears.
You now have 67 gold pieces (gained 16).
m - a viscous emerald potion Health restored: 24; MP restored: 6 You now have 82 gold pieces (gained 15).
A worm comes into view.
One of your tentacles grows a vicious spike.
You now have 5/6 mp.
The helpless worm fails to defend itself.
You tentacle-slap the worm. Your grab misses the worm.
You pierce the worm, but do no damage.
The worm misses you.
Unknown command.
You tentacle-slap the worm but do no damage.
You grab the worm.
You pierce the worm.
You tentacle-slap the worm, but do no damage.
You constrict the worm. You tentacle-slap the worm.
You pierce the worm, but do no damage.
You constrict the worm. The worm bites you.
You take 2 damage, and have 22/24 hp.
You tentacle-slap the worm.
You pierce the worm.
You constrict the worm. The worm closely misses you.
You tentacle-slap the worm.
You kill the worm!
No target in view!
Your tentacle spike disappears.
b - 2 scrolls labelled OTEOLOMATOH (gained 1)
An endoplasm comes into view.
The endoplasm quivers.
Health restored: 24; MP restored: 6 One of your tentacles grows a vicious spike.
You now have 5/6 mp.
You tentacle-slap the endoplasm but do no damage.
You pierce the endoplasm.
You squeeze the endoplasm. The endoplasm closely misses you.
Unknown command.
You tentacle-slap the endoplasm.
You kill the endoplasm!
No target in view!
No target in view!
Your tentacle spike disappears.
You see here a +2 pair of boots.
MP restored: 6 You see here a +2 pair of boots.
A hobgoblin comes into view.
You miscast Beastly Appendage.
You are very lightly contaminated with residual magic.
Nothing appears to happen.
You now have 5/6 mp.
The helpless hobgoblin fails to defend itself.
You tentacle-slap the hobgoblin.
You kill the hobgoblin!
No target in view!
Sorry, you're not good enough to have a special ability.
Your magical contamination has completely faded away.
Unknown command.
n - a scroll labelled AZXAOD MAUFIM MP restored: 6 You now have 92 gold pieces (gained 10).
A ball python comes into view.
The ball python hisses angrily.
The ball python misses you. The ball python closely misses you.
One of your tentacles grows a vicious spike.
The ball python bites you. The ball python grabs you.
The ball python constricts you.
You take 3 damage, and have 21/24 hp.
You now have 5/6 mp.
You tentacle-slap the ball python.
You kill the ball python!
No target in view!
No target in view!
Your tentacle spike disappears.

#. #. #. ####
#. ..# ####.
#.# #....
###.#####
#.##.
#..!....#
#####.###
#.#@###.#
#........ #†#
#.####.###.##.
... #......#
#....
###.#########
#.##. .# #.##.
.# ##.##. .#
#..... .#
#.#.#.
###.#.#.


There were no monsters in sight!

Vanquished Creatures
  An adder (D:2)
  A gnoll (D:1)
  A worm (D:2)
  2 dart slugs (D:1)
  5 bats (D:1)
  3 endoplasms
  A giant cockroach (D:1)
  2 goblins (D:1)
  A hobgoblin (D:2)
  3 kobolds
  A quokka (D:1)
  4 ball pythons
  A frilled lizard (D:1)
  2 rats
28 creatures vanquished.

Notes
Turn   | Place    | Note
-------+----------+-------------------------------------------
     0 | D:1      | OTABOTABOTAB the Octopode Transmuter began the quest for
                  | the Orb.
     0 | D:1      | Reached XP level 1. HP: 13/13 MP: 3/3
   270 | D:1      | Reached XP level 2. HP: 17/18 MP: 3/5
   525 | D:1      | Reached XP level 3. HP: 15/24 MP: 4/6
  1053 | D:1      | Learned a level 2 spell: Wereblood
  1057 | D:1      | Learned a level 3 spell: Spider Form
  1096 | D:2      | Reached skill level 2 in Fighting
  1235 | D:2      | Found a faded altar of an unknown god.
  1666 | D:2      | Quit the game

Illustrated notes

Levels and vault maps discovered:
D:1:      giann_bridges, layout_basic
D:2:      layout_loops_cross, ebering_ecumenical_altar_hall

Skill      XL: |  1  2  3 |
---------------+----------+-----
Fighting       | 2 |  2.0
Dodging        | |  2.0
Unarmed Combat | |  3.6
Spellcasting   | |  2.0
Transmutations | |  2.8
Poison Magic   | |  0.4

Action                   || total
-------------------------++-------
Melee: Unarmed           ||    62
       Constrict         ||    13
       Tentacles         ||    13
       Kick              ||    13
       Punch             ||     4
Throw: Stone             ||     3
 Cast: Beastly Appendage ||    10
 Abil: End Transformatio ||     8
 Stab: Sleeping          ||     8
Armor: Skin              ||     4
Dodge: Dodged            ||    37

Table legend: (Time is in decaauts)
 A = Elapsed time spent in this place.
 B = Non-inter-level travel time spent in this place.
 C = Inter-level travel time spent in this place.
 D = Time resting spent in this place.
 E = Time spent auto-exploring this place.
 F = Levels seen in this place.
 G = Mean time per level.
                   A        B        C        D        E       F      G
               +--------+--------+--------+--------+--------+-----+--------+
         Total |   1662 |   1644 |     18 |      0 |   1388 |   2 |  831.0 |
       Dungeon |   1662 |   1644 |     18 |      0 |   1388 |   2 |  831.0 |
               +--------+--------+--------+--------+--------+-----+--------+

Top non-repeatable levels by time:
     D:1: 1072 daAuts
     D:2: 589 daAuts

Table legend:
 A = Kills in this place as a percentage of kills in entire the game.
 B = Kills by you in this place as a percentage of kills by you in the entire game.
 C = Kills by friends in this place as a percentage of kills by friends in the entire game.
 D = Other kills in this place as a percentage of other kills in the entire game.
 E = Experience gained in this place as a percentage of experience gained in the entire game.
 F = Experience gained in this place divided by the number of levels of this place that you have seen.
                   A       B       C       D       E      F
               +-------+-------+-------+-------+-------+----------------------
         Total | 100.0 | 100.0 |   N/A |   N/A | 100.0 |  39.0
       Dungeon | 100.0 | 100.0 |   N/A |   N/A | 100.0 |  39.0
               +-------+-------+-------+-------+-------+----------------------
